AoeStats
← DisorderWess

Arena

505808403Analyzed
3v3 RM · 21d ago on Sep 11, 2026· 61m 20s· 6 players
Game mode
Random Map
Map size
Normal (6 player)
Population
200
Speed
Normal
Resources
Standard
Victory
Conquest
Starting age
Dark Age
Ending age
Imperial Age
RankedLock teamsTeams togetherTeam positionsShared explorationLock speedFull tech treeHidden civsTurbo modeCheats
Victory
Defeat
🇲🇽 Cumans · Mexico
892
+14
🇲🇽 Khitans · Mexico
858
+16
🇲🇽 Wei · Mexico
821
+17
🇨🇴 Portuguese · Colombia
902
-17
🇺🇸 Malay · United States
858
-16
🇨🇴 Huns · Colombia
807
-14
Teblu
5:21 Loom
11:47 Feudal Age
11:53 Double-Bit Axe
12:06 Horse Collar
16:59 Castle Age
17:52 Crossbowman
20:00 Fletching
29:57 Thumb Ring
31:52 Ballistics
31:43 Bodkin Arrow
37:36 Wheelbarrow
48:25 Pikeman
50:40 Squires
53:48 Imperial Age
51:37 Gold Mining
51:38 Stone Mining
52:05 Bow Saw
52:03 Padded Archer Armor
52:20 Forging
53:04 Hand Cart
53:26 Arbalester
56:04 Bracer
56:33 Leather Archer Armor
REYJAGUAR4660
3:14 Loom
11:13 Feudal Age
11:47 Double-Bit Axe
11:45 Horse Collar
12:00 Town Watch
12:16 Gold Mining
14:51 Bloodlines
16:43 Wheelbarrow
16:01 Man-at-Arms
17:10 Forging
18:06 Scale Barding Armor
18:25 Scale Mail Armor
18:46 Padded Archer Armor
18:58 Stone Mining
20:54 Fletching
24:47 Castle Age
26:18 Iron Casting
25:06 Light Cavalry
26:49 Hand Cart
26:11 Long Swordsman
28:41 Bodkin Arrow
29:32 Chain Barding Armor
31:51 Ballistics
32:22 Bow Saw
32:49 Husbandry
33:23 Masonry
34:28 Leather Archer Armor
36:34 Thumb Ring
38:40 Chain Mail Armor
39:45 Coinage
39:16 Murder Holes
39:57 Heavy Plow
40:46 Crossbowman
42:00 Marauders
42:22 Caravan
47:31 Imperial Age
49:24 Conscription
50:20 Gold Shaft Mining
51:00 Two-Man Saw
50:40 Parthian Tactics
51:18 Chemistry
52:57 Banking
53:48 Fervor
53:32 Pikeman
56:00 Blast Furnace
58:15 Elite Skirmisher
59:43 Guilds
L3GAL
0:29 Loom
2:37 Loom
12:59 Feudal Age
13:34 Double-Bit Axe
13:54 Horse Collar
14:42 Man-at-Arms
31:20 Forging
31:11 Scale Mail Armor
32:48 Stone Mining
34:09 Gold Mining
38:05 Castle Age
36:43 Arson
39:51 Bow Saw
40:54 Fletching
42:49 Long Swordsman
44:35 Stone Shaft Mining
46:33 Imperial Age
44:25 Heavy Plow
45:03 Caravan
46:33 Bodkin Arrow
47:27 Wheelbarrow
48:23 Two-Man Saw
47:56 Crop Rotation
47:28 Padded Archer Armor
47:28 Pikeman
48:44 Murder Holes
50:00 Treadmill Crane
51:26 Chain Mail Armor
51:47 Iron Casting
52:25 Hand Cart
51:55 Halberdier
54:55 Chemistry
54:16 Ballistics
56:26 Bracer
59:02 Siege Engineers
DUIS12
9:48 Loom
14:52 Feudal Age
21:45 Castle Age
22:52 Town Watch
24:07 Fletching
26:21 Padded Archer Armor
26:54 Bodkin Arrow
29:14 Double-Bit Axe
32:43 Forging
34:55 Thumb Ring
37:50 Husbandry
41:13 Tuntian
42:23 Scale Barding Armor
43:08 Bloodlines
49:06 Iron Casting
49:52 Caravan
DisorderWess
10:03 Feudal Age
12:30 Double-Bit Axe
14:35 Loom
14:36 Town Watch
14:57 Scale Mail Armor
17:22 Man-at-Arms
20:16 Forging
23:29 Horse Collar
28:58 Castle Age
26:55 Stone Mining
28:30 Fletching
28:40 Padded Archer Armor
30:05 Squires
29:53 Pikeman
29:56 Elite Skirmisher
30:49 Capped Ram
31:52 Bodkin Arrow
34:31 Leather Archer Armor
36:15 Ballistics
38:13 Bow Saw
38:12 Heavy Plow
43:29 Imperial Age
45:40 Ring Archer Armor
44:58 Halberdier
46:01 Conscription
47:58 Cuman Mercenaries
48:40 Wheelbarrow
48:05 Town Patrol
49:13 Hoardings
48:50 Thumb Ring
50:31 Hand Cart
53:45 Masonry
53:30 Murder Holes
54:07 Steppe Husbandry
53:28 Elite Kipchak
57:08 Sappers
61:40 Caravan
62:10 Coinage
61:51 Guilds
chayane
7:02 Loom
11:28 Feudal Age
11:57 Double-Bit Axe
13:08 Wheelbarrow
14:06 Domestication
14:23 Man-at-Arms
17:37 Scale Mail Armor
20:35 Forging
25:06 Castle Age
25:49 Squires
26:27 Iron Casting
26:20 Hand Cart
26:00 Long Swordsman
27:22 Bow Saw
27:15 Pastoralism
28:34 Town Watch
29:14 Chain Mail Armor
29:46 Arson
33:20 Lamellar Armor
33:40 Fletching
39:18 Imperial Age
37:51 Caravan
37:57 Gambesons
38:37 Town Patrol
40:27 Conscription
40:36 Ballistics
41:17 Chemistry
40:19 Bodkin Arrow
42:04 Transhumance
42:38 Two-Man Saw
43:43 Siege Engineers
45:16 Scale Barding Armor
45:44 Plate Mail Armor
45:35 Pikeman
47:40 Chain Barding Armor
47:21 Bracer
47:30 Heavy Rocket Cart
47:57 Elite Liao Dao
48:44 Ordo Cavalry
48:26 Light Cavalry
49:07 Husbandry
52:53 Plate Barding Armor
53:53 Padded Archer Armor
53:18 Hussar
55:57 Fervor
57:54 Elite Steppe Lancer
Connection lost

Rejoining the realm…

Still unreachable

The connection could not be restored.

Session expired

The server has moved on; the page needs a fresh start.